 Dungeon Crawl Stone Soup version 0.29.1-15-g9cfb28693d (webtiles) character file.

Game seed: 2291489190192181193

161 Eitelfritz the Slasher (level 5, 0/45 HPs)
             Began as a Minotaur Gladiator on Apr 29, 2023.
             Slain by a gnoll
             ... wielding a +0 flail
              (9 damage)
             ... on level 4 of the Dungeon.
             The game lasted 00:04:11 (3439 turns).

Eitelfritz the Slasher (Minotaur Gladiator)         Turns: 3439, Time: 00:04:12

Health: 0/45       AC:  4    Str: 18    XL:     5   Next: 19%
Magic:  4/4        EV: 12    Int:  7    God:
Gold:   107        SH:  0    Dex: 12    Spells: 4/4 levels left

rFire   . . .      SeeInvis .   a - +0 long sword
rCold   . . .      Faith    .   (no shield)
rNeg    . . .      Spirit   .   y - +0 leather armour
rPois   .          Reflect  .   c - +0 hat
rElec   .          Harm     .   (no cloak)
rCorr   .          Rampage  .   l - +0 pair of gloves
Will    .....                   (no boots)
Stlth   +.........              (no amulet)
HPRegen 0.15/turn               (no ring)
MPRegen 0.09/turn               (no ring)

@: no status effects
A: horns 2, retaliatory headbutt
a: no special abilities


You were on level 4 of the Dungeon.
You visited 1 branch of the dungeon, and saw 4 of its levels.

You collected 167 gold pieces.
You spent 60 gold pieces at shops.

Inventory:

Hand Weapons
 a - a +0 long sword (weapon)
 b - a +0 sling
 u - a +0 flail
Missiles
 d - 4 throwing nets (quivered)
 e - a javelin
 v - 2 poisoned darts
Armour
 c - a +0 hat (worn)
 l - a +0 pair of gloves (worn)
 x - the +1 ring mail of Etefroku {rElec MP-9 Str-4 Int+8}
   (You found it on level 4 of the Dungeon)

   Str:       It affects your strength (-4).
   Int:       It affects your intelligence (+8).
   rElec:     It insulates you from electricity.
   MP:        It affects your magic capacity (-9).
 y - a +0 leather armour (worn)
Jewellery
 r - a +6 ring of intelligence
Wands
 w - a wand of iceblast (5)
Scrolls
 f - 3 scrolls of identify {unknown}
 g - a scroll of poison {unknown}
 h - 2 scrolls of fear {unknown}
 i - a scroll of immolation {unknown}
 j - a scroll of blinking {unknown}
 o - 2 scrolls of teleportation {unknown}
 q - 2 scrolls of enchant armour {unknown}
 s - a scroll of noise {unknown}
 t - a scroll of vulnerability {unknown}
Potions
 k - a potion of degeneration {unknown}
 m - a potion of resistance {unknown}
 n - 4 potions of curing
 p - a potion of berserk rage {unknown}


   Skills:
 + Level 3.1 Fighting
 + Level 5.6 Long Blades
 + Level 2.1 Throwing
 + Level 2.3 Armour
 + Level 4.0 Dodging
 + Level 0.3 Stealth


You had 4 spell levels left.
You didn't know any spells.
Your spell library contained the following spells:

 Spells                   Type           Power      Damage    Failure   Level
 Alistair's Intoxication  Tmut/Pois      0%         N/A       100%        5
 Borgnjor's Vile Clutch   Necr/Erth      0%         N/A       100%        5
 Eringya's Noxious Bog    Tmut/Pois      0%         N/A       100%        6


Dungeon Overview and Level Annotations

Branches:
Dungeon (4/15)
 Temple: D:4-7

Altars:

Shops:
D:1 !


Innate Abilities, Weirdness & Mutations

You have a pair of horns on your head.
You reflexively headbutt those who attack you in melee.


Message History

The gnoll shouts! x2
The kobold barely misses you.
The gnoll moves out of view.
You slash the kobold!
You kill the kobold!
The gnoll hits you with a +0 spear.
You see here a +0 dagger.
You closely miss the gnoll. The gnoll closely misses you.
You slash the gnoll!
The gnoll is severely wounded.
The gnoll barely misses you. You furiously retaliate!
You headbutt the gnoll.
A gnoll comes into view. It is wielding a +0 whip.
The gnoll hits you from afar with a +0 halberd!
A gnoll comes into view. It is wielding a +0 flail.
The gnoll shouts! x2
You slash the gnoll!
You kill the gnoll!
The gnoll hits you from afar with a +0 halberd!
The gnoll hits you with a +0 halberd!
* * * LOW HITPOINT WARNING * * *
You hit the gnoll.
The gnoll is moderately wounded.
The gnoll hits you with a +0 halberd.
* * * LOW HITPOINT WARNING * * *
Sorry, you're not good enough to have a special ability.
You feel better. The gnoll hits you with a +0 halberd.
* * * LOW HITPOINT WARNING * * *
You barely miss the gnoll.
The gnoll is moderately wounded.
The gnoll hits you with a +0 halberd.
* * * LOW HITPOINT WARNING * * *
The gnoll barely misses you. You furiously retaliate!
You headbutt the gnoll! You hit the gnoll. Your punch misses the gnoll.
The gnoll is almost dead.
The gnoll closely misses you. You furiously retaliate!
You headbutt the gnoll!
You kill the gnoll!
Your Dodging skill increases to level 4!
You barely miss the gnoll.
You headbutt the gnoll, but do no damage.
The gnoll hits you with a +0 flail!
You die...

...#.....#.#.#.###
#)##.###.#.#.#.#..
#)##.# #.#.#.#.#.#
#.##.# #.#.#.#.#..
#.##.# #.#.#.#.###
#g##.# #.#.#.#.#
#.##.# #.#.#.#.#
#g##.###.#.#.#.#
#@##.#...#.#...#
#.##.#.###.#####
#.##.......#
#.####.#####
#.####.# #......#
########


You could see 2 gnolls.

Vanquished Creatures
  An orc wizard (D:3)
  4 adders
  2 gnolls (D:4)
  2 worms (D:2)
  4 dart slugs
  2 orcs (D:3)
  9 ball pythons
  3 bats
  6 endoplasms
  2 giant cockroaches (D:2)
  5 goblins
  6 hobgoblins
  4 jackals (D:2)
  4 frilled lizards
  8 kobolds
  A rat (D:1)
63 creatures vanquished.

Notes
Turn   | Place    | Note
-------+----------+-------------------------------------------
     0 | D:1      | Eitelfritz the Minotaur Gladiator began the quest for the
                  | Orb.
     0 | D:1      | Reached XP level 1. HP: 18/18 MP: 0/0
   171 | D:1      | Reached XP level 2. HP: 19/25 MP: 1/1
   275 | D:1      | Reached skill level 4 in Long Blades
   275 | D:1      | You fall into a shaft and drop 1 floor!
   435 | D:2      | Reached XP level 3. HP: 2/30 MP: 2/2
   798 | D:2      | Reached skill level 1 in Armour
  1205 | D:2      | Reached XP level 4. HP: 27/37 MP: 3/3
  1468 | D:1      | Reached skill level 5 in Long Blades
  1609 | D:1      | Found a faded altar of an unknown god.
  1679 | D:1      | Found Rewnuaro's Distillery.
  1684 | D:1      | Bought 2 potions of curing for 60 gold pieces
  3261 | D:4      | Reached XP level 5. HP: 45/45 MP: 4/4
  3283 | D:4      | Identified the +1 ring mail of Etefroku {rElec MP-9 Str-4
                  | Int+8}
  3439 | D:4      | Slain by a gnoll

Illustrated notes

Levels and vault maps discovered:
D:1:      wander_arrival_estate, layout_loops_ring, basic_ecumenical_altar,
          serial_shops, shop, due_unseen_surprise
D:2:      layout_basic, serial_corexii_hall, chequers_hall_statues_wall_a,
          corexii_hall_statues_u
D:3:      layout_basic
D:4:      layout_basic, hangedman_decor_push, minmay_misc_feat_enclosed

Skill      XL: |  1  2  3  4  5 |
---------------+----------------+-----
Long Blades    | 4 5 |  5.6
Armour         | 1 2 |  2.3
Fighting       | 3 |  3.1
Dodging        | 4 |  4.0
Throwing       | |  2.1
Stealth        | |  0.3

Action                   |  1- 3 |  4- 6 || total
-------------------------+-------+-------++-------
Melee: Long sword        |    60 |    76 ||   136
       Headbutt          |     4 |    12 ||    16
       Punch             |     1 |     1 ||     2
  Use: Potion            |       |     1 ||     1
 Stab: Sleeping          |       |     1 ||     1
Armor: Leather armour    |    11 |    10 ||    21
Dodge: Dodged            |    39 |    50 ||    89
